AoeStats
← Killerqueen

Hideout

510185318Analyzed
1v1 RM · 1d ago on Sep 29, 2026· 47m 29s· 2 players
Game mode
Random Map
Map size
Tiny (2 player)
Population
200
Speed
Normal
Resources
Standard
Victory
Conquest
Starting age
Dark Age
Ending age
Imperial Age
RankedLock teamsTeams togetherTeam positionsShared explorationLock speedFull tech treeHidden civsTurbo modeCheats
Victory
Defeat
🇨🇳 Sicilians · China
1463
+18
🇦🇹 Wu · Austria
1516
-18
4Sea
6:39 Loom
8:38 Feudal Age
9:22 Town Watch
9:26 Double-Bit Axe
10:14 Horse Collar
12:18 Wheelbarrow
17:09 Fletching
23:22 Castle Age
21:29 Scale Mail Armor
21:30 Stone Mining
21:45 Gold Mining
22:31 Forging
23:06 Bloodlines
23:43 Scale Barding Armor
24:25 Bow Saw
25:23 Chain Barding Armor
35:23 Imperial Age
33:24 Husbandry
34:06 Light Cavalry
36:01 Iron Casting
36:16 Bodkin Arrow
36:59 Bracer
40:27 Hand Cart
40:55 Plate Barding Armor
40:26 Cavalier
42:20 Iron Casting
43:07 Scale Mail Armor
44:26 Chain Mail Armor
44:45 Conscription
47:35 Plate Mail Armor
48:17 Ballistics
Killerqueen
9:42 Feudal Age
11:14 Loom
16:21 Castle Age
24:52 Fletching
25:18 Horse Collar
28:03 Double-Bit Axe
29:21 Red Cliffs Tactics
30:04 Bodkin Arrow
31:03 Ballistics
31:33 Padded Archer Armor
35:19 Gold Mining
35:21 Stone Mining
35:44 Bow Saw
36:15 Wheelbarrow
40:56 Imperial Age
38:51 Squires
38:28 Pikeman
40:08 Hand Cart
41:33 Man-at-Arms
41:41 Halberdier
43:30 Bracer
44:35 Chemistry
45:33 Conscription
Connection lost

Rejoining the realm…

Still unreachable

The connection could not be restored.

Session expired

The server has moved on; the page needs a fresh start.